 Dungeon Crawl Stone Soup version 0.24.0-13-gcf9b3192b9 (webtiles) character file.

Game seed: 667151088806980506, levelgen mode: deterministic

37927 Peloso the Peltast (level 13, -4/117 HPs)
             Began as a Minotaur Fighter on Nov 5, 2019.
             Was a High Priest of Okawaru.
             Killed from afar by a catoblepas (7 damage)
             ... with a blast of calcifying dust
             ... on level 13 of the Dungeon on Nov 6, 2019.
             The game lasted 00:49:24 (18794 turns).

Peloso the Peltast (Minotaur Fighter)              Turns: 18794, Time: 00:49:25

Health: -4/117     AC:  9    Str: 28    XL:     13   Next: 61%
Magic:  10/13      EV: 14    Int:  9    God:    Okawaru [*****.]
Gold:   482        SH: 18    Dex: 12    Spells: 12/12 levels left

rFire    . . .     SeeInvis +   a - +1 long sword (holy)
rCold    + + .     Gourm    .   c - +1 shield
rNeg     + + .     Faith    .   B - +0 leather armour of Untruth {*Slow MR+ Str+4 Int+4}
rPois    .         Spirit   .   K - +1 hat
rElec    +         Reflect  +   n - +2 cloak {MR+}
rCorr    .         Harm     .   (no gloves)
MR       ++...                  (no boots)
Stlth    ++........             A - +2 amulet of reflection
HPRegen  0.29/turn              R - ring of the Albatross {*Drain +Blink rC++ rN+ SInv}
MPRegen  0.13/turn              r - ring "Rumean" {+Fly rN+}

@: very slightly contaminated, hasted, very quick
A: retaliatory headbutt, horns 2, mutation resistance 1, electricity resistance,
no potion heal 1
a: Heroism, Finesse, Renounce Religion, Evoke Blink, Evoke Flight


You were on level 13 of the Dungeon.
You worshipped Okawaru.
Okawaru was extremely pleased with you.
You were not hungry.

You visited 2 branches of the dungeon, and saw 16 of its levels.
You also visited: Bailey and Ice Cave.

You collected 1312 gold pieces.
You spent 830 gold pieces at shops.

Inventory:

Hand Weapons
 a - a +1 long sword of holy wrath (weapon)
 b - a +1 hand axe of flaming
 H - the +5 scythe "Finisher" {speed, eviscerate}
   (You found it in an ice cave)

   Attacks with this weapon are significantly faster.
Armour
 c - a +1 shield (worn)
 h - +0 ice dragon scales
 n - a +2 cloak of magic resistance (worn)
 v - a +2 chain mail of magic resistance
 x - the +10 plate armour "Seotam" {+Fly rC+}
   (Okawaru gifted it to you on level 2 of the Lair of Beasts)

   It protects you from cold.
   It lets you fly.
 y - a +3 plate armour
 B - the +0 leather armour of Untruth (worn) {*Slow MR+ Str+4 Int+4}
   (You found it on level 2 of the Lair of Beasts)

   It affects your strength (+4).
   It affects your intelligence (+4).
   It affects your resistance to hostile enchantments.
   It may slow you when you take damage.
 K - a +1 hat (worn)
 M - the +2 chain mail of Watchfulness {rC+ Stlth+}
   (You found it on level 9 of the Dungeon)

   It protects you from cold.
   It makes you more stealthy.
Jewellery
 r - the ring "Rumean" (right hand) {+Fly rN+}
   (You found it on level 2 of the Lair of Beasts)

   [ring of positive energy]

   It protects you from negative energy.
   It lets you fly.
 t - the ring "Zoanwaj" {Str+2 Stlth-}
   (You found it on level 2 of the Lair of Beasts)

   [ring of attention]

   It affects your strength (+2).
   It makes you less stealthy.
 A - a +2 amulet of reflection (around neck)
 I - an uncursed ring of protection from cold
 L - an uncursed ring of protection from fire
 Q - an uncursed ring of flight
 R - the ring of the Albatross (left hand) {*Drain +Blink rC++ rN+ SInv}
   (You found it on level 2 of the Lair of Beasts)

   [ring of positive energy]

   It greatly protects you from cold.
   It protects you from negative energy.
   It lets you see invisible.
   It lets you blink.
   It causes draining when unequipped.
 T - an uncursed amulet of the acrobat
Wands
 F - a wand of clouds (11)
 N - a wand of digging (5)
 P - a wand of paralysis (2)
 S - a wand of random effects (22)
Scrolls
 e - 10 scrolls of teleportation
 g - 3 scrolls of magic mapping
 j - 5 scrolls of identify
 l - 5 scrolls of fog
 m - a scroll of summoning
 o - 9 scrolls of remove curse
 w - 3 scrolls of enchant armour
 G - 4 scrolls of noise
 J - a scroll of enchant weapon
Potions
 d - 5 potions of might
 i - 10 potions of curing
 p - 5 potions of haste
 q - a potion of heal wounds
 s - 4 potions of flight
 z - a potion of invisibility
 C - a potion of brilliance
 E - a potion of agility
 O - a potion of resistance
 U - a potion of magic
Miscellaneous
 D - a lamp of fire
Comestibles
 f - 25 rations


   Skills:
 + Level 11.7 Fighting
 + Level 14.6 Long Blades
 + Level 2.0 Axes
 + Level 11.6 Armour
 + Level 5.7 Dodging
 + Level 1.8 Stealth
 + Level 15.7 Shields
 + Level 2.5 Invocations
 + Level 1.8 Evocations


You had 12 spell levels left.
You didn't know any spells.
Your spell library contained the following spells:

 Spells                   Type           Power        Failure   Level  Hunger
 Corona                   Hex            #......      41%         1    ##.....
 Flame Tongue             Conj/Fire      #....        41%         1    ##.....
 Sting                    Conj/Pois      #...         41%         1    ##.....
 Poisonous Vapours        Pois/Air       #.....       54%         2    ###....
 Slow                     Hex            #.......     54%         2    ###....
 Sublimation of Blood     Necr           #.........   54%         2    ###....
 Throw Flame              Conj/Fire      #.....       54%         2    ###....
 Conjure Flame            Conj/Fire      #.......     78%         3    ####...
 Ignite Poison            Fire/Tmut/Pois #.......     78%         3    ####...
 Inner Flame              Hex/Fire       #.......     78%         3    ####...
 Mephitic Cloud           Conj/Pois/Air  #.......     78%         3    ####...
 Portal Projectile        Hex/Tloc       #.....       78%         3    ####...
 Cause Fear               Hex            #.........   99%         4    #####..
 Ice Form                 Ice/Tmut       #.......     99%         4    #####..
 Leda's Liquefaction      Hex/Erth       #.........   99%         4    #####..
 Olgreb's Toxic Radiance  Pois           #.......     99%         4    #####..
 Petrify                  Tmut/Erth      #.......     99%         4    #####..
 Sticky Flame             Conj/Fire      #.......     99%         4    #####..
 Alistair's Intoxication  Tmut/Pois      #.......     100%        5    ######.
 Fireball                 Conj/Fire      #.........   100%        5    ######.
 Irradiate                Conj/Tmut      #.........   100%        5    ######.
 Metabolic Englaciation   Hex/Ice        #.........   100%        5    ######.
 Silence                  Hex/Air        #.........   100%        5    ######.
 Venom Bolt               Conj/Pois      #.........   100%        5    ######.
 Yara's Violent Unravell  Hex/Tmut       #.........   100%        5    ######.
 Bolt of Cold             Conj/Ice       #.........   100%        6    #######
 Deflect Missiles         Chrm/Air       #.........   100%        6    #######
 Freezing Cloud           Conj/Ice/Air   #.........   100%        6    #######
 Ozocubu's Refrigeration  Ice            #.........   100%        6    #######
 Simulacrum               Ice/Necr       #.........   100%        6    #######
 Discord                  Hex            #.........   100%        8    #######


Dungeon Overview and Level Annotations

Branches:
Dungeon (13/15)            Temple (0/1) D:4            Lair (3/6) D:11
 Shoals (0/4) Lair:2       Spider (0/4) Lair:3          Orc (0/2) D:11
 Bailey (visited)           IceCv (visited)
 Vaults: D:13-14

Altars:
Okawaru
Sif Muna
Vehumet
Zin
The Shining One

Shops:
D:7 ?

Annotations:
D:10 5 runed translucent doors


Innate Abilities, Weirdness & Mutations

You reflexively headbutt those who attack you in melee.
You have a pair of horns on your head.
You are somewhat resistant to further mutation.
You are resistant to electric shocks. (rElec)
Potions are less effective at restoring your health.


Message History

The blast of calcifying dust hits you but does no damage.
The bullfrog is engulfed in calcifying dust.
The shadow imp hits you.
You are engulfed in calcifying dust.
The bullfrog is engulfed in calcifying dust.
The catoblepas gores you!
* * * LOW HITPOINT WARNING * * *
The bullfrog is engulfed in calcifying dust.
The shadow imp hits you but does no damage.
The bullfrog is engulfed in calcifying dust.
The shadow imp stops moving altogether!
The catoblepas gores you.
* * * LOW HITPOINT WARNING * * *
The catoblepas gores you.
* * * LOW HITPOINT WARNING * * *
You turn to flesh and can move again.
Unknown command.
Unknown command.
The catoblepas breathes a plume of calcifying dust at you.
The blast of calcifying dust hits you!
You die...

.###......#..........
........#...##..........
.......#...<......#......
.......#..........#......
......#....#............
.................#......#.
..# #.......#...##........
#..##.....#.#..##..#......
#........@#........#......
.........§.........#.....#
........§.................
........§...#......^......
........Y..###..#..#......
........^..##...#..##.....
...(.......#....#..####...
#..................#####)#
#...............##.#.#.#)#


You could see a catoblepas.

Vanquished Creatures
  Gastronok (Lair:1)
  Kirke (D:12)
  An ice dragon (Lair:2)
  The ghost of sneaky the Unseen, a journeyman OpAs of Dithmenos (Lair:3)
  2 hydras
  3 two-headed ogres
  Pikel (D:4)
  3 ugly things
  A cyclops (D:11)
  2 manticores
  4 ice statues
  4 spiny frogs
  2 black mambas
  5 komodo dragons
  An ice devil (Lair:2)
  A queen bee (shapeshifter) (D:13)
  A polar bear (Lair:2)
  3 hornets (D:13)
  A polar bear (shapeshifter) (D:13)
  9 blink frogs
  6 slime creatures
  8 hippogriffs
  3 wyverns
  Sigmund (D:2)
  A shadow (D:12)
  A vampire (D:12)
  25 yaks
  A wraith (D:11)
  3 basilisks
  2 hungry ghosts (D:11)
  3 hogs (D:12)
  Menkaure (D:7)
  A soldier ant (D:13)
  A two-headed ogre zombie (D:11)
  2 acid dragons (D:12)
  6 water moccasins
  5 porcupines
  Duvessa (D:6)
  4 sky beasts
  21 orc warriors
  2 black bears (D:9)
  22 ice beasts
  A phantom (D:9)
  An eye of draining (D:12)
  2 necrophages
  2 ogres
  5 wolves (Lair:3)
  3 crocodiles
  3 big kobolds
  2 gnoll sergeants (D:6)
  15 bullfrogs
  Dowan (D:6)
  A wyvern skeleton (D:13)
  3 scorpions
  2 troll zombies (D:11)
  8 wights
  4 howler monkeys
  4 bullfrog zombies
  6 crimson imps
  A centaur zombie (D:9)
  10 hounds
  2 jellies
  6 orc priests
  Crazy Yiuf (D:2)
  14 orc wizards
  Jessica (D:3)
  8 worker ants
  3 centaur skeletons
  4 iguanas
  5 ogre zombies (D:11)
  A hound skeleton (D:4)
  13 gnolls
  14 adders
  A shadow imp (D:10)
  2 oozes
  An adder skeleton (D:4)
  A worm (D:6)
  A dart slug (D:3)
  3 leopard geckos
  71 orcs
  7 giant cockroaches
  12 goblins
  9 hobgoblins
  7 jackals
  17 kobolds
  10 quokkas
  2 ball pythons
  9 bats
  8 frilled lizards
  3 goblin skeletons (D:11)
  A hobgoblin skeleton (D:11)
  3 hobgoblin zombies (D:11)
  A leopard gecko skeleton (D:4)
  18 orc zombies (D:11)
  A quokka skeleton (D:5)
  6 rats
  3 fungi (Lair:1)
  A plant (Lair:3)
511 creatures vanquished.

Vanquished Creatures (others)
  2 orc warriors (Bailey)
  2 centaurs
  A hound (D:4)
  A worker ant (D:4)
  4 orcs
  A kobold (D:12)
11 creatures vanquished.

Grand Total: 522 creatures vanquished

Notes
Turn   | Place    | Note
-------+----------+-------------------------------------------
     0 | D:1      | Peloso the Minotaur Fighter began the quest for the Orb.
     0 | D:1      | Reached XP level 1. HP: 19/19 MP: 0/0
    27 | D:1      | Noticed an elephant
    32 | D:1      | Noticed a black mamba
    40 | D:1      | Reached XP level 2. HP: 24/27 MP: 1/1
   178 | D:1      | Reached skill level 4 in Shields
   273 | D:1      | Reached XP level 3. HP: 33/33 MP: 2/2
   569 | D:2      | Found an iron altar of Okawaru.
   586 | D:2      | Became a worshipper of Warmaster Okawaru
   708 | D:2      | Reached XP level 4. HP: 34/40 MP: 3/3
   885 | D:2      | Noticed Sigmund
   905 | D:2      | Killed Sigmund
   905 | D:2      | Reached * piety under Okawaru
   905 | D:2      | Reached skill level 1 in Dodging
   905 | D:2      | Reached skill level 5 in Shields
   905 | D:2      | Reached XP level 5. HP: 14/46 MP: 4/4
  1257 | D:2      | Found a runed translucent door.
  1258 | D:2      | Noticed Crazy Yiuf
  1263 | D:2      | Killed Crazy Yiuf
  1263 | D:2      | Reached XP level 6. HP: 52/52 MP: 2/5
  1883 | D:3      | Reached skill level 5 in Armour
  2014 | D:3      | Reached skill level 5 in Long Blades
  2354 | D:3      | Gained mutation: Potions are less effective at restoring
                  | your health. [potion of mutation]
  2354 | D:3      | Gained mutation: You are somewhat resistant to further
                  | mutation. [potion of mutation]
  2354 | D:3      | Gained mutation: You are resistant to electric shocks.
                  | (rElec) [potion of mutation]
  2574 | D:3      | Noticed Jessica
  2583 | D:3      | Killed Jessica
  2837 | D:4      | Reached ** piety under Okawaru
  2850 | D:4      | Noticed a slave
  2851 | D:4      | Noticed Pikel
  2852 | D:4      | Noticed a slave
  2852 | D:4      | Noticed a slave
  2852 | D:4      | Noticed a slave
  2865 | D:4      | Killed Pikel
  2865 | D:4      | Reached skill level 6 in Shields
  2865 | D:4      | Reached XP level 7. HP: 60/60 MP: 3/6
  2923 | D:4      | Found a staircase to the Ecumenical Temple.
  2998 | D:4      | Reached skill level 5 in Fighting
  2998 | D:4      | Reached skill level 1 in Stealth
  3028 | D:4      | Reached XP level 8. HP: 21/68 MP: 7/7
  3794 | D:5      | Entered Level 5 of the Dungeon
  4151 | D:5      | Reached skill level 7 in Shields
  4268 | D:5      | Reached *** piety under Okawaru
  4400 | D:5      | You fall into a shaft and drop 1 floor!
  4779 | D:6      | Noticed Duvessa
  4779 | D:6      | Noticed Dowan
  4786 | D:6      | Killed Duvessa
  4786 | D:6      | Reached XP level 9. HP: 75/75 MP: 5/8
  4794 | D:6      | Killed Dowan
  4794 | D:6      | Reached skill level 8 in Shields
  4815 | D:6      | Found a glowing golden altar of the Shining One.
  4823 | D:6      | Found a shimmering blue altar of Sif Muna.
  5575 | D:7      | Found a radiant altar of Vehumet.
  5680 | D:7      | Found Leynwol's Magic Scroll Emporium.
  5688 | D:7      | Reached **** piety under Okawaru
  5695 | D:7      | Bought a scroll of magic mapping for 35 gold pieces
  5695 | D:7      | Bought a scroll of enchant weapon for 75 gold pieces
  5695 | D:7      | Bought a scroll of magic mapping for 35 gold pieces
  5695 | D:7      | Bought a scroll of fear for 35 gold pieces
  5695 | D:7      | Bought a scroll of amnesia for 35 gold pieces
  5695 | D:7      | Bought a scroll of identify for 20 gold pieces
  5950 | D:7      | Reached skill level 10 in Long Blades
  6195 | D:7      | Noticed Menkaure
  6204 | D:7      | Killed Menkaure
  6243 | D:7      | Reached skill level 9 in Shields
  6661 | D:8      | Found a flagged portal.
  6670 | Bailey   | Entered a bailey
  6699 | Bailey   | Reached XP level 10. HP: 49/84 MP: 9/9
  7019 | Bailey   | Reached ***** piety under Okawaru
  7091 | Bailey   | Reached skill level 10 in Shields
  7838 | D:8      | Reached skill level 1 in Evocations
  8314 | D:7      | Bought a scroll of acquirement for 520 gold pieces
  8314 | D:7      | Bought a scroll of enchant weapon for 75 gold pieces
  8715 | D:9      | Noticed a two-headed ogre
  8727 | D:9      | Killed a two-headed ogre
  8849 | D:9      | Received a gift from Okawaru
  9218 | D:8      | Reached skill level 11 in Shields
  9226 | D:8      | Reached skill level 1 in Invocations
  9306 | D:9      | Reached XP level 11. HP: 61/94 MP: 10/10
  9415 | D:9      | Got a distressingly furry chain mail
  9426 | D:9      | Identified the +2 chain mail of Watchfulness {rC+ Stlth+}
                  | (You found it on level 9 of the Dungeon)
  9895 | D:10     | Entered Level 10 of the Dungeon
 10087 | D:10     | Found the +9 staff of Olgreb {rPois}
 10096 | D:10     | Found a runed translucent door.
 10100 | D:10     | Found a runed translucent gate.
 10100 | D:10     | Found a runed translucent gate.
 10101 | D:10     | Found a runed translucent door.
 10122 | D:10     | Found a runed translucent gate.
 10155 | D:10     | Noticed a two-headed ogre
 10165 | D:10     | Killed a two-headed ogre
 10170 | D:10     | Reached skill level 12 in Shields
 10992 | D:11     | Found a staircase to the Lair.
 11056 | D:11     | Noticed a six-headed hydra
 11066 | D:11     | Killed a one-headed hydra
 11066 | D:11     | Received a gift from Okawaru
 11066 | D:11     | Reached skill level 5 in Dodging
 11127 | D:11     | Found a staircase to the Orcish Mines.
 11152 | D:11     | Reached skill level 13 in Shields
 11384 | D:11     | Noticed a cyan ugly thing
 11396 | D:11     | Killed a cyan ugly thing
 11697 | D:11     | Reached XP level 12. HP: 66/104 MP: 12/12
 12246 | D:12     | Noticed Kirke
 12292 | D:12     | Killed Kirke
 12292 | D:12     | Received a gift from Okawaru
 12297 | D:12     | Got a dazzling quarterstaff {god gift}
 12298 | D:12     | Identified the +1 quarterstaff of Tettaept {flame, rElec
                  | MR+} (Okawaru gifted it to you on level 12 of the Dungeon)
 12503 | D:12     | Reached skill level 10 in Armour
 12802 | Lair:1   | Entered Level 1 of the Lair of Beasts
 12987 | Lair:1   | Reached skill level 10 in Fighting
 13119 | Lair:1   | Noticed Gastronok
 13158 | Lair:1   | Killed Gastronok
 13158 | Lair:1   | Received a gift from Okawaru
 13158 | Lair:1   | Reached skill level 14 in Shields
 14093 | Lair:2   | Noticed an ice dragon
 14146 | Lair:2   | Killed an ice dragon
 14202 | Lair:2   | Got an ancient gossamer ring
 14203 | Lair:2   | Identified the ring "Rumean" {+Fly rN+} (You found it on
                  | level 2 of the Lair of Beasts)
 14205 | Lair:2   | Got a fine brass ring
 14206 | Lair:2   | Identified the ring "Zoanwaj" {Str+2 Stlth-} (You found it
                  | on level 2 of the Lair of Beasts)
 14292 | Lair:2   | Found a staircase to the Shoals.
 15059 | Lair:2   | Received a gift from Okawaru
 15101 | Lair:2   | Got an ancient plate armour {god gift}
 15303 | Lair:2   | Identified the +10 plate armour "Seotam" {+Fly rC+}
                  | (Okawaru gifted it to you on level 2 of the Lair of Beasts)
 15375 | Lair:2   | You fall into a shaft and drop 1 floor!
 15463 | Lair:3   | Found a frozen archway.
 15476 | Lair:3   | Reached XP level 13. HP: 115/115 MP: 13/13
 15531 | IceCv    | Entered an ice cave
 15863 | IceCv    | Found the +5 scythe "Finisher" {speed, eviscerate}
 16033 | Lair:3   | Found a hole to the Spider Nest.
 16262 | Lair:3   | Reached skill level 15 in Shields
 16364 | Lair:3   | Found a large runed translucent door.
 16364 | Lair:3   | Found a large runed translucent door.
 16368 | Lair:3   | Noticed sneaky's ghost (journeyman OpAs)
 16842 | Lair:3   | Killed sneaky's ghost
 16968 | Lair:2   | Found a glowing silver altar of Zin.
 17295 | Lair:2   | Got a brightly glowing ivory ring
 17297 | Lair:2   | Identified the ring of the Albatross {*Drain +Blink rC++
                  | rN+ SInv} (You found it on level 2 of the Lair of Beasts)
 17316 | Lair:2   | Got a brightly glowing leather armour
 17327 | Lair:2   | Identified the cursed +0 leather armour of Untruth {*Slow
                  | MR+ Str+4 Int+4} (You found it on level 2 of the Lair of
                  | Beasts)
 17716 | D:13     | HP: 2/116 [six-headed hydra (9)]
 18125 | D:13     | Reached skill level 1 in Axes
 18195 | D:13     | HP: 5/117 [orc wizard/puff of flame (8)]
 18661 | D:13     | Paralysed by a hornet for 2 turns
 18679 | D:13     | Paralysed by a hornet for 3 turns
 18784 | D:13     | HP: 5/117 [catoblepas (7)]
 18786 | D:13     | HP: 2/117 [catoblepas (2)]
 18794 | D:13     | Killed from afar by a catoblepas

Levels and vault maps discovered:
D:1:      sevenhm_arrival_forest_fort_small_2, layout_rooms
D:2:      layout_basic, lemuel_crystal_altar, uniq_crazy_yiuf_cottage,
          uniq_sigmund
D:3:      layout_loops_corners, first_ration, kennysheep_jessica_study
D:4:      layout_loops_ring, minmay_temple_entry_mini_moons, minmay_small_thing,
          uniq_pikel
D:5:      layout_loops_ring
D:6:      layout_loops_ring, gammafunk_temple_overflow_pools, uniq_duvessa
D:7:      layout_gridville, vehumet_altar_wand_db, serial_shops, shop_scrolls,
          uniq_menkaure
D:8:      layout_loops_corners, special_room [special_room_orc], enter_bailey_2
D:9:      layout_cave_pools, serial_park
D:10:     layout_stronghold, minmay_guarded_unrand_staff_of_olgreb
D:11:     layout_stronghold, grunt_lair_entry_orc_guard_hut, zombieorc2_lemuel
D:12:     layout_irregular_city, uniq_kirke
D:13:     layout_cave_pools, david_vaults_4, hangedman_pestilent_swarm,
          kennysheep_nub
Lair:1:   layout_layer_cave, uniq_gastronok
Lair:2:   dragon1_lemuel, layout_regular_city, minmay_shoals_entry_beasts,
          basic_altar, ice2_lemuel
Lair:3:   layout_loops_ring, dummy_spider_entry, ebering_ghost_disaster_area,
          portal_ice_cave_entry_ice_beasts

Skill      XL: |  1  2  3  4  5  6  7  8  9 10 11 12 13 |
---------------+----------------------------------------+-----
Fighting       | 4 5 6 8 9 10 11 | 11.7
Armour         | 4 5 6 7 8 9 10 11 | 11.6
Shields        | 4 5 6 7 9 11 13 14 15 | 15.7
Long Blades    | 3 4 6 9 10 11 13 14 | 14.6
Dodging        | 1 2 3 4 5 |  5.7
Stealth        | 1 |  1.8
Evocations     | 1 |  1.8
Invocations    | 1 2 |  2.5
Axes           | 2 |  2.0

Action                   |  1- 3 |  4- 6 |  7- 9 | 10-12 | 13-15 || total
-------------------------+-------+-------+-------+-------+-------++-------
Melee: Long sword        |   113 |   144 |   402 |  1051 |   379 ||  2089
       Headbutt          |    21 |    20 |   101 |   275 |   135 ||   552
       Hand axe          |       |       |       |     7 |    18 ||    25
Invok: Heroism           |       |     2 |     4 |    14 |     8 ||    28
       Finesse           |       |       |       |     1 |     1 ||     2
 Abil: Evoke Flight      |       |       |       |       |     1 ||     1
Evoke: Wand              |       |       |     4 |    17 |       ||    21
  Use: Potion            |     2 |     7 |       |     2 |     3 ||    14
       Scroll            |       |     6 |     4 |     4 |     6 ||    20
  Eat: Chunk             |       |     6 |    12 |    28 |     8 ||    54
       Ration            |       |       |       |     1 |     1 ||     2
Armor: Scale mail        |    74 |    56 |    31 |       |       ||   161
       Chain mail        |       |       |    88 |    61 |       ||   149
       Plate armour      |       |       |    14 |   357 |    75 ||   446
       Leather armour    |       |       |       |       |    49 ||    49
Dodge: Dodged            |    40 |    29 |    91 |   236 |   117 ||   513
Block: Shield            |    73 |    61 |   253 |   873 |   336 ||  1596
       Reflection        |       |       |     2 |    24 |     6 ||    32
       Rpst.: Long sword |     6 |    14 |    28 |    69 |    25 ||   142
